[Event "Super United Croatia GCT Rapid 2022"]
[Site "Zagreb"]
[Date "2022.07.21"]
[Round "6.4"]
[White "Carlsen, Magnus"]
[Black "Dominguez Perez, Leinier"]
[Result "1/2-1/2"]
[ECO "A36"]
[WhiteElo "2864"]
[BlackElo "2754"]
[Annotator "TA"]
[PlyCount "102"]
[EventDate "2022.07.20"]
[EventType "tourn"]
[EventCountry "CRO"]
[SourceTitle "playchess.com"]
[Source "ChessBase"]
[SourceQuality "1"]
[TimeControl "1500+10"]

1. g3 c5 2. Bg2 Nc6 3. c4 g6 4. Nc3 Bg7 5. b3 Nf6 6. Bb2 O-O 7. Nh3 {[%emt 0:02:29] A36: Symmetrical English vs ...g6: 4 Bg2 Bg7.} d5 {[%emt 0:00:33] [#]} 8. cxd5 $146 {[%emt 0:00:03] [#]} ({Predecessor:} 8. Nxd5 Bxh3 9. Bxh3 Nxd5 10. Bxg7 Kxg7 11. cxd5 Qxd5 12. O-O Rad8 13. d3 Nd4 14. Bg2 Qd7 {1-0 (48) Stikovic,D (2163)-Radisavljevic,D (2172) Backa Palanka 2021}) 8... Nxd5 9. Bxd5 Bxh3 10. Bxc6 bxc6 11. Na4 Qd5 12. Rg1 Bd4 13. Rc1 Bg4 14. Bxd4 cxd4 (14... Qxd4 15. Rc4 (15. Rxc5 h5 $16) 15... Qd7 16. Nxc5 $16) 15. d3 c5 (15... Qd6 $11 {keeps the balance.}) 16. f3 $16 (16. Nxc5 Rfc8 17. b4 a5 $11) (16. Rxc5 Qe6 $11) 16... Bd7 17. Nxc5 Rfc8 18. Nxd7 Qxd7 19. Rc4 e5 20. Kf2 Qh3 21. Rh1 a5 22. Qd2 a4 23. Rxa4 Rxa4 24. bxa4 $18 {[%emt 0:00:01][%mdl 4096] Endgame KQR-KQR} Ra8 25. a5 Kg7 26. Qb4 h5 $2 (26... Qh6) 27. Qb5 Qe6 28. Rc1 h4 29. Rc6 ({Resist} 29. gxh4 $6 Rh8 $18) 29... Qf5 30. f4 Qh3 $2 {[%emt 0:00:15] [#]} (30... Ra7 {was necessary.} 31. Qxe5+ Qxe5 32. fxe5 hxg3+ 33. hxg3 (33. Kxg3 Rxa5 34. e6 Rxa2 $16) 33... Rxa5) 31. Qxe5+ $2 ({White must play} 31. Rxg6+ $1 $18 Kxg6 32. Qc6+ Kh7 33. Qe4+ Kg7 34. Qxa8 Qxh2+ 35. Qg2 hxg3+ 36. Kf1) 31... Kh7 $1 $14 32. Ke1 ({Not} 32. Qxd4 $2 Qxh2+ 33. Ke1 Qh1+ 34. Kf2 Qxc6 35. gxh4 Rxa5 $19) 32... Qxh2 {[%emt 0:00:01] Hoping for ...Qh1+.} 33. Rc7 Qxg3+ 34. Kd2 Kg8 35. Qxd4 {[%emt 0:01:05] Threatens to win with Qc4.} h3 {[%emt 0:00:08] Strongly threatening ...Re8.} 36. Qe4 {[%emt 0:01:17] Against Re8} Rf8 (36... Kg7 $5) 37. a6 {[%emt 0:00:38] a7 is the strong threat.} h2 38. a7 h1=Q 39. Qxh1 {[%emt 0:00:02] Rc4 would kill now. Dancing on a razor blade.} Qxf4+ 40. Kd1 (40. e3 $5 Qxc7 41. a8=Q Rxa8 42. Qxa8+ Kh7 43. Qh1+ Kg8 44. Qa8+ Kh7 45. Qh1+ Kg8 46. Qa8+ $16) 40... Qa4+ {[%emt 0:00:08] The position is equal.} 41. Ke1 Qa5+ 42. Kf1 Qxc7 43. a8=Q Qc1+ $1 ({Don't play} 43... Rxa8 44. Qxa8+ Kg7 45. Qe4 $16) 44. Kf2 Qc5+ 45. e3 Qc2+ 46. Kg3 Qc7+ 47. Kf2 Qc2+ 48. Kg1 Qc1+ 49. Kh2 Qc7+ 50. Kh3 Qd7+ 51. Kg3 Qc7+ {[%emt 0:00:04] Blacks defense is rewarded with a draw.  Weighted Error Value: White=0.16 (very precise) /Black=0.14 (very precise)} 1/2-1/2

[Event "Super United Croatia GCT Rapid 2022"]
[Site "Zagreb"]
[Date "2022.07.21"]
[Round "6.5"]
[White "Firouzja, Alireza"]
[Black "Mamedyarov, Shakhriyar"]
[Result "1-0"]
[ECO "A01"]
[WhiteElo "2793"]
[BlackElo "2759"]
[Annotator "TA"]
[PlyCount "135"]
[EventDate "2022.07.20"]
[EventType "tourn"]
[EventCountry "CRO"]
[SourceTitle "playchess.com"]
[Source "ChessBase"]
[SourceQuality "1"]
[TimeControl "1500+10"]

1. c4 e5 2. g3 Be7 3. Bg2 f5 4. b3 Nf6 5. Bb2 d6 6. e3 O-O 7. Ne2 c6 8. O-O {[%emt 0:00:19] A01: Nimzowitsch-Larsen Opening.} Be6 9. Nbc3 Nbd7 10. d3 {[%emt 0:00:41] White is slightly better.} Qe8 {[%emt 0:00:41] [#]} 11. Qd2 $146 ({Predecessor:} 11. d4 Bf7 12. d5 c5 13. Qc1 h6 14. Bh3 Bg6 15. f3 Nh7 16. Qd2 Ng5 17. Bg2 {1-0 (56) Krueger,M (1920)-Doering,M (1818) Berlin 2019}) 11... Kh8 12. b4 Bg8 13. b5 Rc8 14. Rab1 d5 15. bxc6 bxc6 16. cxd5 cxd5 17. f4 e4 18. Nd4 Qh5 19. Na4 Ng4 20. h3 Ngf6 21. Rbc1 Qg6 22. Kh2 exd3 (22... Nh5 23. Nxf5 $1 Qxf5 24. g4 $14) (22... Rxc1 23. Rxc1 Bd8 24. Bf1 $14) 23. Qxd3 Ne4 $1 24. Bxe4 fxe4 25. Qb5 Rxc1 26. Rxc1 (26. Bxc1 $5 Nb6 27. Nxb6 Qxb6 28. Qb3 $11) 26... Ne5 27. Qe2 Nc4 28. Ba1 Qa6 29. Nc3 Bf6 30. Nd1 Rb8 31. Nf2 Qa3 32. Re1 Rb6 33. Ng4 {[%emt 0:00:14] Pair of Knights!} Be7 34. Nf5 Bf8 35. Bd4 Ra6 36. Rb1 {[%emt 0:00:36] And now Rb8 would win.} Qd3 $2 (36... Be6 $11 37. Ngh6 Bxf5 38. Nxf5 Qxa2 39. Qxa2 (39. Bxg7+ $2 Kg8 $19) 39... Rxa2+ 40. Kg1 Nb6) 37. Qxd3 $1 $18 exd3 38. Rb8 $1 {[%emt 0:01:05] White wants to mate with Ngh6.} Rxa2+ 39. Kh1 $2 (39. Kg1 $18 {White threatens Ngh6 and mate.} d2 40. Nf2 d1=Q+ 41. Nxd1) 39... Nd6 $2 40. Nxg7 (40. Rxf8 Nxf5 41. Rxf5 h6 $16) 40... Nb5 $2 {[%emt 0:00:33] [#]} (40... Bxg7 41. Nh6) (40... Ra4 41. Nh5+ (41. Rxf8 d2 $16) 41... Rxd4 42. exd4 d2) 41. Bf6 $1 h5 42. Nf5+ ({Weaker is} 42. Rxf8 hxg4 43. Ne6+ (43. hxg4 d2 44. Ne6+ Kh7 45. Ng5+ Kh6 46. Nf7+ Bxf7 47. Rh8+ Kg6 48. f5+ Kxf6 49. Rh6+ Kg5) 43... Kh7 44. Ng5+ Kg6 $14) 42... Kh7 43. Rb7+ (43. Rxf8 hxg4 44. Rxg8 Kxg8 45. Nh6+ Kf8 46. Nxg4 Re2 $19) 43... Bf7 44. Rxf7+ Kg6 45. Rxf8 {[%emt 0:00:13] Intending Nh4+ and mate.} Kxf5 {[%emt 0:00:01] [#]} 46. Nh2 (46. e4+ $1 $18 dxe4 47. Ne3+ Ke6 48. f5+ Kd7 49. Rd8+ Kc7 50. Nd5+ Kb7 51. Be5) 46... d2 $11 47. Bc3+ $1 Ke4 48. Bxd2 Rxd2 {[%emt 0:00:02][%mdl 4096] Endgame KRN-KRN} 49. Re8+ Kd3 50. Nf3 Rd1+ 51. Kg2 {[%emt 0:00:06] Threatens to win with g4.} Nd6 $2 (51... Rc1 $11 {and Black has nothing to worry.}) 52. Rd8 Nc4 53. Rxd5+ Ke4 {[%emt 0:00:01] [#]} 54. Rxd1 $2 (54. Rxh5 Ra1 55. g4 Nxe3+ 56. Kg3 Nf1+ 57. Kf2 Ra2+ 58. Kxf1 Kxf3 $14) (54. Rc5 $1 $18 Nxe3+ 55. Kf2) 54... Nxe3+ 55. Kf2 Nxd1+ {[%emt 0:00:01] KN-KN} 56. Ke1 Ne3 (56... Kxf3 $2 57. Kxd1 Ke4 58. Kc2 $18) 57. Nd2+ Kd3 58. Nb3 h4 59. gxh4 Ng2+ 60. Kf2 Nxh4 61. Kg3 Nf5+ 62. Kg4 Nd4 $2 (62... Nh6+ $11 63. Kg5 Nf7+ 64. Kg6 Ke4) 63. Nxd4 {[%emt 0:00:27] White mates.} Kxd4 64. f5 Ke5 65. Kg5 a5 66. f6 Ke6 67. Kg6 a4 68. f7 {[%emt 0:00:01] Weighted Error Value: White=0.26 (precise) /Black=0.44} 1-0

[Event "Super United Croatia GCT Rapid 2022"]
[Site "Zagreb"]
[Date "2022.07.22"]
[Round "7.1"]
[White "Mamedyarov, Shakhriyar"]
[Black "Vachier-Lagrave, Maxime"]
[Result "0-1"]
[ECO "A31"]
[WhiteElo "2759"]
[BlackElo "2760"]
[Annotator "TA"]
[PlyCount "82"]
[EventDate "2022.07.20"]
[EventType "tourn"]
[EventCountry "CRO"]
[SourceTitle "playchess.com"]
[Source "ChessBase"]
[SourceQuality "1"]
[TimeControl "1500+10"]

1. Nf3 c5 2. c4 Nc6 3. d4 cxd4 4. Nxd4 Nf6 5. g3 e5 6. Nb5 {[%emt 0:00:04] A31: Symmetrical English: 2 Nf3 Nf6 3 d4.} Bb4+ 7. N1c3 d6 $1 8. a3 {[%emt 0:00:02] The position is equal.} Bxc3+ 9. Nxc3 Be6 10. Bg5 Bxc4 11. Bxf6 gxf6 12. Bg2 {[%emt 0:00:11] [#]} f5 $146 ({Predecessor:} 12... Nd4 13. O-O d5 14. Rb1 Rc8 15. f4 O-O 16. Rf2 Bb3 17. Qd2 Kg7 18. fxe5 fxe5 19. Nxd5 Bxd5 {½-½ (19) Van Unen,H (2505)-Lohse,M (2507) ICCF email 2015}) 13. O-O {[%emt 0:00:18][%mdl 1024] White has compensation.} O-O 14. Qd2 Qf6 15. Rac1 Rac8 16. Nd5 (16. Ne4 $5 fxe4 17. Rxc4 $11) 16... Bxd5 17. Bxd5 e4 18. Rfd1 Kg7 19. b4 Ne7 (19... Rfd8 $14) 20. Bxb7 $16 Rxc1 21. Qxc1 d5 22. Bxd5 Rc8 {[%emt 0:00:02] Inhibits Qc7.} 23. Qe3 Rd8 (23... a6 $16) 24. Bb3 $1 $18 Rxd1+ 25. Bxd1 {[%emt 0:00:01][%mdl 4096] Endgame KQB-KQN} Qa1 26. Qb3 Nc6 27. Qc2 (27. Kg2 $18) 27... Ne5 $16 28. a4 (28. Kg2 $16) 28... e3 $1 $11 ({Resist} 28... Qd4 29. Kg2 $14) 29. f3 {[%emt 0:02:40] Against Ng4} f4 30. Kg2 Ng6 31. b5 h5 32. Qd3 h4 33. g4 {[%emt 0:00:45] Black must now prevent Kh3.} h3+ 34. Kf1 {[%emt 0:01:25] [#]} (34. Kxh3 $11 Qf6 35. g5 (35. Kg2 Qh4 $17) 35... Qxg5 36. Qc3+ (36. Qd4+ $2 Kh6 $19) 36... Kh6 37. Qe1) 34... Nf8 $1 $17 {[%emt 0:02:57] Black is more active.} 35. a5 $2 (35. Qb3 $17) 35... Qxa5 $19 36. Qd4+ Kg8 37. Qxf4 $2 (37. b6 axb6 38. Qxf4) 37... Qd2 38. Qa4 Qd6 $2 ({Black should play} 38... Ng6 $19 {Strongly threatening ...Ne5.} 39. b6 axb6) 39. Kg1 $2 (39. Bb3 $1 $11 {and White stays safe.}) 39... Ne6 {[%emt 0:02:08] ( -> ...Qd8)} 40. Qc2 $2 (40. Qb3 $19) 40... Qd8 41. Kf1 {[%emt 0:00:32] [#]} Qh4 $1 {[%emt 0:00:06] What a bad dream for White.  Weighted Error Value: White=0.54/Black=0.15 (very precise)} 0-1

[Event "Super United Croatia GCT Rapid 2022"]
[Site "Zagreb"]
[Date "2022.07.22"]
[Round "7.2"]
[White "Dominguez Perez, Leinier"]
[Black "Firouzja, Alireza"]
[Result "1/2-1/2"]
[ECO "C54"]
[WhiteElo "2754"]
[BlackElo "2793"]
[Annotator "TA"]
[PlyCount "107"]
[EventDate "2022.07.20"]
[EventType "tourn"]
[EventCountry "CRO"]
[SourceTitle "playchess.com"]
[Source "ChessBase"]
[SourceQuality "1"]
[TimeControl "1500+10"]

1. e4 e5 2. Nf3 Nc6 3. Bc4 Nf6 4. d3 Bc5 5. O-O d6 6. c3 O-O 7. Re1 a5 {[%emt 0:00:02] C54: Giuoco Piano: 4 c3 Nf6, main lines with 5 d4 and 5 d3.} 8. h3 Ba7 9. Na3 {[%emt 0:00:12] [#]} Ne7 $146 ({Predecessor:} 9... Be6 10. Bg5 h6 11. Bh4 g5 12. Bg3 Nh5 13. Kh2 Qf6 14. Nb5 Bb6 15. b3 Rad8 {1-0 (34) Eljanov,P (2691)-Hovhannisyan,R (2622) Riga 2021}) 10. d4 Ng6 11. Be3 Bd7 12. Bd3 c6 13. Nc4 exd4 14. cxd4 d5 15. exd5 Nxd5 16. Bd2 Bb8 17. Nce5 Bxe5 18. dxe5 Ndf4 19. Bc2 Be6 20. Re4 Nd5 21. Nd4 c5 22. Nxe6 fxe6 23. Qg4 {[%emt 0:01:29] Inhibits Ndf4.} Qb6 24. Rae1 (24. Rc4 $16) 24... Nge7 $11 (24... c4 25. R1e2 $16) 25. Bg5 {[%emt 0:02:37] This bishop pair is nice.} Nf5 26. b3 Rf7 27. Qh5 (27. Rc4 $14) 27... Raf8 28. Rg4 ({Not} 28. Rh4 $2 g6 29. Qd1 Nxh4 30. Bxh4 Rf4 $19) 28... g6 29. Bc1 c4 {[%emt 0:01:19] [#] aiming for ...Ng7.} 30. Rf1 ({Don't go for} 30. bxc4 $2 Ng7 31. Qh4 Rxf2 $19) (30. Bxf5 $11 Rxf5 31. Rxg6+ Kh8 32. Qh4) 30... cxb3 (30... c3 $17 31. Qg5 Qa6) 31. Bxb3 Qc5 32. Qg5 Ng7 ({Better is} 32... b5 $11) 33. Rc4 $14 Qa7 34. Rc2 b5 35. Qg4 (35. Bxd5 $5 exd5 36. Qe3 $14) 35... Rf5 36. Bxd5 (36. Qe4 $5 ) 36... exd5 37. Be3 (37. Qe2 $5 ) 37... Qf7 (37... Qd7 $11) 38. Qd4 $16 {[%emt 0:00:11] 0x0.0020559b91a8dp-1022s more active pieces.} Qe6 39. f4 {[%emt 0:00:07] Hoping for g4.} R5f7 40. Rc5 Nf5 41. Qd3 g5 42. Bd2 Ne7 43. f5 (43. Rxb5 $16 {Black must now prevent Qg3.} gxf4 44. Bxa5) 43... Rxf5 $11 44. Rxf5 Qxf5 (44... Rxf5 {with more complications.} 45. Rxb5 Qxe5 46. a4 Qa1+) 45. Qxf5 Rxf5 46. Rxb5 {[%emt 0:00:09] e6 is the strong threat.} Rxe5 47. Rxa5 {[%emt 0:00:14][%mdl 4096] Endgame KRB-KRN} h6 48. Kf1 Nf5 49. Ra3 ({Don't play} 49. Bc3 Ng3+ 50. Kf2 Ne4+ 51. Ke3 Nxc3+ $11) (49. a4 $14) 49... Re4 {[%emt 0:00:25] The position is equal.} 50. Rd3 Ra4 51. a3 Nd4 52. Bb4 Nc6 53. Rxd5 Nxb4 54. axb4 {[%emt 0:00:01] Weighted Error Value: White=0.18 (very precise) /Black=0.16 (very precise)} 1/2-1/2

[Event "Super United Croatia GCT Rapid 2022"]
[Site "Zagreb"]
[Date "2022.07.22"]
[Round "7.3"]
[White "So, Wesley"]
[Black "Carlsen, Magnus"]
[Result "1/2-1/2"]
[ECO "D13"]
[WhiteElo "2773"]
[BlackElo "2864"]
[Annotator "TA"]
[PlyCount "137"]
[EventDate "2022.07.20"]
[EventType "tourn"]
[EventCountry "CRO"]
[SourceTitle "playchess.com"]
[Source "ChessBase"]
[SourceQuality "1"]
[TimeControl "1500+10"]

1. d4 d5 2. c4 c6 3. Nc3 Nf6 4. cxd5 cxd5 5. Bf4 Nc6 6. Nf3 Nh5 7. Bd2 Nf6 8. Bf4 Nh5 {[%emt 0:00:05] 8...e6 is setting a new trend.} 9. Bd2 {[%emt 0:00:08] D13: Slav Defence: Exchange variation without ...Bf5.} e6 10. Rc1 Nf6 11. a3 Be7 12. e3 O-O 13. Bd3 b6 14. O-O Bb7 {[%emt 0:00:01] [#]} 15. b4 $146 ({Predecessor:} 15. Qe2 Rc8 16. Ba6 Qc7 17. Ne5 Qb8 18. f4 Na5 19. Bd3 Nb3 20. Rc2 Nxd2 21. Qxd2 Rc7 22. Rfc1 Rfc8 23. Qe2 {½-½ (81) Almagro Llamas,P (2477)-Giri,A (2737) Linares 2013}) 15... a5 16. b5 Nb8 17. Qb3 Nbd7 18. Rfd1 Bd6 19. Rc2 Qe7 20. Bc1 Rac8 21. Bb2 e5 22. Bf5 Rc7 (22... e4 $142 23. Nd2 g6) 23. Rdc1 (23. Na4 $142) 23... e4 $1 $11 24. Nd2 (24. Nxe4 $2 dxe4 25. Rxc7 Bxc7 26. Rxc7 Bd5 $19) 24... g6 25. Bh3 Rfc8 26. a4 h5 27. Ndb1 Ng4 28. Bxg4 hxg4 29. Ba3 Bb4 30. Bxb4 Qxb4 (30... axb4 31. Na2 Rxc2 32. Rxc2 $16) 31. Qa2 Kg7 32. g3 Nf6 {[%emt 0:00:43][%cal Bd7f6,Bf6h7,Bh7g5,Bg5f3][%mdl 32] aiming for ...Nh7.} 33. Ne2 Rxc2 34. Rxc2 Rxc2 35. Qxc2 Nh7 $1 {[%emt 0:00:08] Threatens to win with ...Qe1+.} (35... Qe1+ $6 36. Kg2 $11) 36. Nec3 Ng5 $1 37. Nd2 Bc8 38. Kg2 (38. Nxd5 Qxd2 $1 39. Qxd2 Nf3+ 40. Kh1 Nxd2) 38... Nf3 {[%emt 0:00:08] And now ...Ne1+ would win.} 39. Kf1 {[%emt 0:00:54] Prevents Ne1.} Nxh2+ 40. Ke2 Be6 41. Qb3 Qe7 42. Qb2 (42. Nxd5 $2 Qd8 43. Nxe4 Bxd5 $19) 42... Qf6 43. Qa3 Qd8 {[%emt 0:00:18] Prevents Qd6.} ({Of course not} 43... Nf3 $6 44. Qd6 $11) 44. Qb2 Nf3 45. Ncxe4 dxe4 (45... Qh8 $1 $17 46. Nd6 Qh1) 46. d5+ $1 $15 f6 (46... Kh6 $15 47. dxe6 Qd3+ 48. Kd1 fxe6) 47. dxe6 $11 {[%emt 0:00:01][%mdl 4096] Endgame KQN-KQN} Qd3+ 48. Kd1 Qd6 49. Qc2 f5 50. Qc3+ Kh7 51. Ke2 Qxe6 52. Qc7+ ({White should play} 52. Nc4 $11) 52... Kh6 $15 53. Qd8 {[%emt 0:00:05] [#] Strongly threatening Qh8+.} g5 ({Much worse is} 53... Qa2 $6 54. Qh8+ Kg5 55. Qd8+ Kh6 56. Qh8+ Kg5 57. Qd8+ Kh6 $11) (53... Qe5 $1 $17 54. Qf8+ (54. Qxb6 $2 Qa1 $19) 54... Kg5) 54. Qc7 $11 {[%emt 0:00:39] Black must now prevent Qc6.} Ne5 {[%emt 0:00:03] Inhibits Qc6.} 55. Kf1 Kg6 56. Kg2 f4 $2 (56... Kf6 $11 {and Black is okay.}) 57. gxf4 $18 gxf4 (57... Nf3 $2 58. Nc4 $18) 58. exf4 Nd3 {[%emt 0:00:02] [#]} 59. Nc4 (59. Nf1 $1 $18 ) 59... Nxf4+ $1 $11 {[%emt 0:00:20] The position is equal.} 60. Qxf4 {[%emt 0:00:04] Qd6 would kill now.} Qxc4 61. Qxg4+ {[%emt 0:00:01] KQ-KQ} Kf6 62. Qf4+ Ke7 63. Qh6 Qd4 64. Qc6 e3 65. Qc7+ Ke6 66. Qc8+ Ke7 67. Qc7+ Ke6 68. Qc8+ Ke7 69. Qc7+ {[%emt 0:00:02] White used his chance.  Weighted Error Value: White=0.12 (very precise) /Black=0.14 (very precise)} 1/2-1/2

[Event "Super United Croatia GCT Rapid 2022"]
[Site "Zagreb"]
[Date "2022.07.22"]
[Round "7.4"]
[White "Van Foreest, Jorden"]
[Black "Topalov, Veselin"]
[Result "1-0"]
[ECO "C90"]
[WhiteElo "2678"]
[BlackElo "2728"]
[Annotator "TA"]
[PlyCount "91"]
[EventDate "2022.07.20"]
[EventType "tourn"]
[EventCountry "CRO"]
[SourceTitle "playchess.com"]
[Source "ChessBase"]
[SourceQuality "1"]
[TimeControl "1500+10"]

1. e4 e5 2. Nf3 Nc6 3. Bb5 a6 4. Ba4 Nf6 5. O-O Be7 6. d3 b5 7. Bb3 d6 8. c3 O-O 9. Re1 Na5 10. Bc2 c5 11. Nbd2 Nc6 12. h3 {[%emt 0:00:22][%cal Od3d4] C90: Closed Ruy Lopez with 7...d6: Early deviations.} Re8 13. a4 $1 {[%emt 0:00:08][%mdl 4] next axb5 is good for White. is currently scoring better than 13.Nf1.} b4 14. Nc4 {[%emt 0:00:26] The position is equal.} Be6 15. Bb3 h6 {[%emt 0:00:44] Prevents Ng5.} 16. Ne3 Rb8 17. Bc4 Qc8 {[%emt 0:02:02] [#]} 18. Nd5 $146 ({Predecessor:} 18. Nh2 bxc3 19. bxc3 Na5 20. Bxe6 fxe6 21. Nhg4 Rf8 22. Nxf6+ Bxf6 23. Nc4 Qc7 24. Qg4 {½-½ (75) Fressinet,L (2712)-Sargissian,G (2689) Reykjavik 2015}) 18... Bxd5 19. Bxd5 bxc3 20. bxc3 Nxd5 21. exd5 Na5 22. Be3 c4 23. d4 $1 Nb3 {[%emt 0:03:24] [#] aiming for ...exd4.} 24. Rb1 e4 25. Nd2 (25. Nh2 {feels hotter.} Qf5 26. Qg4 Qxd5 27. Bxh6 Bf8 28. Nf1) 25... Nxd2 26. Rxb8 Qxb8 27. Bxd2 f5 {[%emt 0:03:42] Prevents Qg4.} 28. Qh5 Rf8 29. Bxh6 Qa8 $2 (29... gxh6 $11 30. Qg6+ Kh8 31. Qxh6+ Kg8) 30. Qg6 $18 {[%emt 0:01:45][%csl Gh6][%cal Rg6g7] [#]} Bf6 31. f3 ({Don't play} 31. Qxf5 $6 gxh6 32. Qg6+ (32. Rxe4 Qb7 $11) 32... Bg7 $14) ({White should try} 31. Bf4 $18) 31... Qxd5 $16 32. fxe4 $40 {[%emt 0:00:02][%mdl 128] Black is in trouble.} fxe4 33. Rxe4 {[%emt 0:00:11][%cal Oe4e7] Strongly threatening Re7!} Qf7 {[%emt 0:00:24] Against Re7} 34. Qg4 {[%emt 0:00:21] 0x0.001f23894404dp-1022s more active pieces.} d5 (34... Bd8 $2 35. Re6 $18) 35. Re6 ({White should play} 35. Rf4 $16) 35... Kh7 $1 $14 36. Bd2 a5 $2 {[%emt 0:00:02] This move loses the game for Black.} (36... Bxd4+ $1 $14 37. cxd4 Qf2+ 38. Kh2 Qxd2) 37. Qf5+ $18 Qg6 38. Qxd5 Rb8 39. Bf4 Rb2 40. Kh2 Rc2 41. Qf3 {[%emt 0:00:31] Rb6 is the strong threat.} Qf5 42. Re3 Ra2 {[%emt 0:00:07] White has a decisive advantage.} 43. Be5 Qxf3 44. Rxf3 Bxe5+ 45. dxe5 Kg6 46. Rf4 {[%emt 0:00:15] Weighted Error Value: White=0.19 (very precise) /Black=0.34} 1-0

[Event "Super United Croatia GCT Rapid 2022"]
[Site "Zagreb"]
[Date "2022.07.22"]
[Round "7.5"]
[White "Saric, Ivan"]
[Black "Nepomniachtchi, Ian"]
[Result "1-0"]
[ECO "B90"]
[WhiteElo "2680"]
[BlackElo "2766"]
[Annotator "TA"]
[PlyCount "71"]
[EventDate "2022.07.20"]
[EventType "tourn"]
[EventCountry "CRO"]
[SourceTitle "playchess.com"]
[Source "ChessBase"]
[SourceQuality "1"]
[TimeControl "1500+10"]

1. e4 c5 2. Nf3 d6 3. d4 cxd4 4. Nxd4 Nf6 5. Nc3 a6 6. Be3 e5 7. Nb3 Be6 8. f3 Be7 9. Qd2 Nbd7 10. g4 h6 11. O-O-O b5 12. Kb1 Nb6 13. Qf2 Rb8 {[%emt 0:00:04] B90: Sicilian Najdorf: Unusual White 6th moves, 6 Be3 Ng4 and 6 Be3 e5.} 14. h4 (14. Nc5 $5 Bc8 15. h4 $14) 14... Na4 {[%emt 0:00:28] Inhibits Nc5.} (14... Qc7 $11 {keeps the balance.}) 15. Nd5 $16 {[%emt 0:00:45] Black is now going downhill.} Bxd5 {[%emt 0:00:30] White is better.} 16. exd5 {[%emt 0:00:01] [#]} Nd7 $146 (16... Qc7 $16) ({Predecessor:} 16... Qc7 17. Qd2 Nd7 18. Qa5 Qc8 19. Qb4 Ndb6 20. Na5 Qc7 21. c3 O-O 22. Nc6 Rb7 {1-0 (56) Shahade,G (2454)-Alvarez Marquez,J (2379) Bermuda 2002}) 17. Bd3 $18 Qc7 18. g5 Ndb6 (18... Nab6 $16) 19. gxh6 gxh6 {[%emt 0:00:10] [#]} 20. f4 $1 Nc4 (20... Nxd5 21. Bd2 Bf6) 21. Bxc4 bxc4 {[%emt 0:00:08] [#]} 22. fxe5 cxb3 (22... Rf8 23. exd6) 23. axb3 Nc5 24. Rhf1 Rf8 $2 (24... Nd7 25. exd6 Bxd6) 25. Bxh6 {[%emt 0:00:32] White is clearly winning.} dxe5 26. Bxf8 Bxf8 27. h5 Rb6 28. d6 Rxd6 29. Rxd6 Bxd6 30. h6 {[%emt 0:00:14] Hoping for h7.} e4 31. h7 Be5 32. Qg1 Ne6 33. Qg8+ Nf8 34. Rf5 Bd4 35. h8=Q Bxh8 36. Qxh8 {[%emt 0:00:01] Weighted Error Value: White=0.30/Black=1.04} 1-0

[Event "Super United Croatia GCT Rapid 2022"]
[Site "Zagreb"]
[Date "2022.07.22"]
[Round "8.1"]
[White "Vachier-Lagrave, Maxime"]
[Black "Nepomniachtchi, Ian"]
[Result "0-1"]
[ECO "C43"]
[WhiteElo "2760"]
[BlackElo "2766"]
[Annotator "TA"]
[PlyCount "76"]
[EventDate "2022.07.20"]
[EventType "tourn"]
[EventCountry "CRO"]
[SourceTitle "playchess.com"]
[Source "ChessBase"]
[SourceQuality "1"]
[TimeControl "1500+10"]

1. e4 e5 2. Nf3 Nf6 3. d4 Nxe4 4. dxe5 d5 5. Nbd2 Qd7 6. Nd4 {[%emt 0:00:02] [#] C43: Petroff Defence: 3 d4.} Qe7 $146 ({Predecessor:} 6... Nxd2 7. Qxd2 c5 8. Nb5 a6 9. Qa5 Nc6 10. Nc7+ Kd8 11. Ne6+ Ke8 12. Nc7+ Kd8 13. Ne6+ {1-0 (35) Ponkratov,P (2605)-Bykov,O (2383) St Petersburg 2018}) 7. N2f3 c5 (7... Nd7 $11 {remains equal.}) 8. Nb5 $1 $16 {[%emt 0:02:17] White is better.} ({Don't play} 8. Bb5+ $6 Bd7 9. Bxd7+ (9. Nf5 Qe6 $11) 9... Qxd7 $11) 8... Be6 {[%emt 0:00:04] [#]} (8... a6 $16) 9. Bd3 (9. c4 $1 $18 a6 10. cxd5 axb5 11. Bxb5+ (11. dxe6 c4 $16) 11... Bd7 12. Bd3) 9... Qd7 $14 10. O-O {[%emt 0:00:30][%cal Oc2c4] c4! is the strong threat.} a6 11. Nc3 (11. Na3 $1 $11) 11... Nxc3 $15 12. bxc3 Nc6 13. Re1 h6 14. Nd2 c4 15. Bf1 Bc5 16. Nf3 Bg4 17. Be3 Bxe3 18. Rxe3 O-O $36 {[%emt 0:00:07][%mdl 2048] White is under pressure.} 19. h3 Bxf3 20. Qxf3 Qe6 21. Rae1 b5 22. h4 Rad8 23. h5 d4 {[%emt 0:00:11] White is now going downhill.} 24. cxd4 (24. Re4 $17) 24... Nxd4 $19 ({Stronger than} 24... Rxd4 25. a4 $15) 25. Qe4 f5 26. exf6 Qxf6 27. f3 (27. f4 {might work better.}) 27... Kh8 {[%emt 0:00:11] And now ...Nf5 would win.} 28. Rd1 (28. f4 $142) 28... Nf5 (28... Qb6 $142 29. Kf2 Nf5 30. Rxd8 Qxd8) 29. Ree1 (29. Rxd8 $142 Qxd8 30. Re1) 29... Qb6+ 30. Kh2 Qb8+ 31. Kg1 Rde8 32. Qc6 {[%emt 0:00:09] Prevents Qb6+.} Qa7+ 33. Kh2 Ne3 {[%emt 0:00:52] Strongly threatening ...Qb8+.} 34. Rd7 (34. Kh1 {was the only defense.} Qf7 35. Rd7 Qxh5+ 36. Kg1) 34... Ng4+ 35. Kh3 {[%emt 0:01:46] [#]} (35. fxg4 $142 Qb8+ 36. g3 Rxe1 37. Bg2) 35... Nf2+ (35... Qb8 $142 $1 {( -> ...Qh2+)} 36. Rd6 (36. Kxg4 Qf4+) 36... Rxe1 37. Kxg4 Qa7) 36. Kg3 (36. Kh2 Qb8+ 37. g3 Ng4+ 38. fxg4 Rxe1 39. Bg2) 36... Nh1+ 37. Kh3 Qb8 38. Rxg7 Nf2+ {[%emt 0:00:01] Weighted Error Value: White=0.94/Black=0.35} 0-1